 Dungeon Crawl Stone Soup version 0.27.0-1-g7a089689b8 (webtiles) character file.

Game seed: 10138413620199234169

2059 Malachi the Covert (level 9, -3/48 HPs)
             Began as a Kobold Enchanter on Aug 12, 2021.
             Was a Follower of Dithmenos.
             Succumbed to a killer bee's poison
             ... on level 7 of the Dungeon.
             The game lasted 00:24:37 (9585 turns).

Malachi the Covert (Kobold Enchanter)               Turns: 9585, Time: 00:24:37

Health: -3/48      AC:  4    Str:  6    XL:     9   Next: 49%
Magic:  24/25      EV: 15    Int: 19    God:    Dithmenos [*.....]
Gold:   170        SH:  5    Dex: 15    Spells: 9/18 levels left

rFire    + . .     SeeInvis .   a - +2 dagger
rCold    + . .     Faith    .   (shield restricted)
rNeg     . . .     Spirit   .   m - +1 robe of the Elven Halls {Stlth+}
rPois    +         Reflect  +   h - +0 helmet
rElec    +         Harm     .   (no cloak)
rCorr    +         Rampage  .   (no gloves)
Will     .....                  (no boots)
Stlth    ++++++++..             d - amulet of reflection
HPRegen  0.16/turn              q - ring of poison resistance
MPRegen  0.19/turn              s - ring of magical power

@: lethally poisoned (-3 -> -18), resistant, wreathed by umbra
A: small, no large weapons, nightstalker 3
a: Renounce Religion


You were on level 7 of the Dungeon.
You worshipped Dithmenos.
Dithmenos was aware of your devotion.
You visited 2 branches of the dungeon, and saw 8 of its levels.

You collected 312 gold pieces.
You spent 142 gold pieces at shops.

Inventory:

Hand Weapons
 a - a +2 dagger (weapon)
Missiles
 f - 10 boomerangs of dispersal
Armour
 b - a +0 robe
 h - a +0 helmet (worn)
 m - the +1 robe of the Elven Halls (worn) {Stlth+}
   (You bought it in a shop on level 7 of the Dungeon)

   Stlth:     It makes you more stealthy.
Jewellery
 d - an amulet of reflection (around neck)
 e - an amulet of guardian spirit
 k - a +6 ring of dexterity
 q - a ring of poison resistance (left hand)
 s - a ring of magical power (right hand)
 u - a ring of protection from fire
Wands
 i - a wand of polymorph (5)
 t - a wand of charming (10)
 v - a wand of digging (4)
Scrolls
 g - 2 scrolls of fear
 n - 2 scrolls of identify
 o - 3 scrolls of teleportation
 r - a scroll of enchant armour
Potions
 c - a potion of might
 l - 3 potions of magic
 p - 2 potions of attraction


   Skills:
 + Level 2.1 Fighting
 + Level 3.5 Short Blades
 + Level 3.7 Dodging
 * Level 12.3 Stealth
 + Level 1.1 Shields
 + Level 5.0 Spellcasting
 + Level 5.2 Hexes
 + Level 2.5 Ice Magic


You had 9 spell levels left.
You knew the following spells:

 Your Spells              Type           Power      Damage    Failure   Level
a - Corona                Hex            26%        N/A       1%          1
b - Ensorcelled Hibernat  Hex/Ice        38%        N/A       3%          2
c - Confusing Touch       Hex            24%        N/A       4%          3
d - Tukima's Dance        Hex            24%        N/A       4%          3

Your spell library contained the following spells:

 Spells                   Type           Power      Damage    Failure   Level
 Magic Dart               Conj           16%        1d3       12%         1
 Summon Small Mammal      Summ           16%        N/A       12%         1
 Dazzling Flash           Conj/Hex       28%        N/A       13%         3
 Summon Guardian Golem    Hex/Summ       14%        N/A       13%         3
 Call Imp                 Summ           4%         N/A       19%         2
 Call Canine Familiar     Summ           4%         N/A       36%         3
 Mephitic Cloud           Conj/Pois/Air  4%         N/A       36%         3


Dungeon Overview and Level Annotations

Branches:
Dungeon (7/15)             Temple (1/1) D:4

Altars:
Cheibriados
Dithmenos
Elyvilon
Fedhas
Gozag
Hepliaklqana
Kikubaaqudgha
Makhleb
Nemelex Xobeh
Qazlal
Ru
Sif Muna
Trog
Uskayaw
Vehumet
Wu Jian
Xom

Shops:
D:3 *   D:4 *   D:7 [


Innate Abilities, Weirdness & Mutations

You are small and have problems with some larger weapons.
You are completely attuned to the shadows.


Message History

The killer bee misses you. x2; The killer bee closely misses you.
You block the killer bee's attack. The killer bee stings you.
You are poisoned.
The killer bee poisons you!
You feel sick. You block the killer bee's attack.
The killer bee closely misses you.
The killer bee stings you but does no damage.
You feel sick. The killer bee misses you.
You feel sick. The killer bee completely misses you.
You feel sick. The killer bee stings you. x2
You are more poisoned.
The killer bee poisons you!
You open the door.
You feel sick. The killer bee misses you.
You feel sick.
There is an open door here.
Casting: Confusing Touch (dangerous; 4% risk of failure)
Confirm with . or Enter, or press ? or * to list all spells.
Aiming: Ensorcelled Hibernation (safe; 3% risk of failure)
Press: ? - help, Shift-Dir - straight line, f - killer bee
Aim: a killer bee (chance to affect: 58%)
The killer bee looks drowsy...
You feel sick. You block the killer bee's attack. The killer bee stings you.
You are more poisoned.
The killer bee poisons you!
You feel very sick.
The killer bee stings you but does no damage.
You feel sick. The killer bee barely misses you. The killer bee stings you!
* * * LOW HITPOINT WARNING * * *
The killer bee barely misses you.
* * * LOW HITPOINT WARNING * * *
You feel very sick. You block the killer bee's attack. x2
You feel protected.
* * * LOW HITPOINT WARNING * * *
You feel sick. The killer bee completely misses you. The killer bee stings you.
* * * LOW HITPOINT WARNING * * *
You are more poisoned.
The killer bee poisons you! The killer bee misses you.
You block the killer bee's attack. The killer bee misses you.
You die...

#.##....#....##....#.##
.######.#..........##....#.##
........#..#####....#....#'##
...........)......#.#........
.################.#..........
#.##[#.......
#+##########............
#..............#..###....
#.....y.@......##.###..##
#.....y.....).(##..##..#
+[...yy###########.##..#
##.....z###########..#..#
.....#'##..........#.#..#
####.#.##.########.#.#..#
###......##...##..........#
#......######.##.###.#..#.##
#....†.# #.##.# #.##.#...


You could see 4 killer bees and a wight.

Vanquished Creatures
  A hornet (D:7)
  Grinder (D:6)
  A wyvern (D:7)
  A water moccasin (D:6)
  An orc warrior (D:7)
  A black bear (D:5)
  2 necrophages (D:6)
  2 centaurs (D:6)
  2 phantoms
  A scorpion (D:6)
  A water moccasin skeleton (D:6)
  2 killer bees (D:7)
  A howler monkey (D:5)
  2 centaur zombies
  2 jellies
  A hound (D:4)
  2 orc priests
  A centaur skeleton (D:7)
  2 iguanas
  A killer bee zombie (D:6)
  A gnoll (D:7)
  6 adders
  A shadow imp (D:6)
  A white imp (D:7)
  An ufetubus (D:6)
  2 worms
  2 dart slugs
  22 orcs
  4 ball pythons
  7 bats
  7 endoplasms
  2 giant cockroaches
  11 goblins
  8 hobgoblins
  10 jackals
  8 kobolds
  4 quokkas
  4 frilled lizards
  5 rats
134 creatures vanquished.

Notes
Turn   | Place    | Note
-------+----------+-------------------------------------------
     0 | D:1      | Malachi the Kobold Enchanter began the quest for the Orb.
     0 | D:1      | Reached XP level 1. HP: 10/10 MP: 3/3
   159 | D:1      | Reached XP level 2. HP: 15/15 MP: 5/5
   180 | D:1      | Learned a level 2 spell: Ensorcelled Hibernation
   608 | D:1      | Found a faded altar of an unknown god.
   831 | D:1      | Reached XP level 3. HP: 19/19 MP: 6/6
   893 | D:1      | Reached skill level 5 in Stealth
  1237 | D:2      | Found a sparkling altar of Nemelex Xobeh.
  1317 | D:2      | Reached XP level 4. HP: 22/24 MP: 1/7
  3007 | D:3      | Reached XP level 5. HP: 16/28 MP: 1/8
  3168 | D:3      | Found Werofik's General Store.
  3202 | D:3      | Reached skill level 6 in Stealth
  4144 | D:3      | Reached skill level 1 in Ice Magic
  5067 | D:4      | Noticed a phantom
  5130 | D:3      | Learned a level 3 spell: Confusing Touch
  5239 | D:4      | Found a staircase to the Ecumenical Temple.
  5248 | Temple   | Entered the Ecumenical Temple
  5501 | Temple   | Became a worshipper of Dithmenos the Shadowed
  5631 | D:4      | Found Lulev's General Store.
  5819 | D:4      | Reached XP level 6. HP: 33/33 MP: 10/10
  5960 | D:4      | Reached skill level 1 in Fighting
  5960 | D:4      | Reached skill level 7 in Stealth
  6485 | D:4      | Noticed an air elemental
  6486 | D:4      | Found a stormy altar of Qazlal.
  6495 | D:4      | Noticed a water elemental
  6495 | D:4      | Noticed a fire elemental
  6919 | D:5      | Entered Level 5 of the Dungeon
  7059 | D:5      | Noticed a black bear
  7541 | D:5      | Reached XP level 7. HP: 38/38 MP: 11/11
  7860 | D:5      | Reached skill level 8 in Stealth
  8226 | D:6      | Reached skill level 9 in Stealth
  8226 | D:6      | Reached XP level 8. HP: 43/43 MP: 13/13
  8353 | D:6      | Reached skill level 10 in Stealth
  8444 | D:6      | Noticed Grinder
  8448 | D:6      | Killed Grinder
  8449 | D:6      | Reached skill level 11 in Stealth
  8532 | D:6      | Reached XP level 9. HP: 42/47 MP: 15/15
  8538 | D:6      | Reached * piety under Dithmenos
  8771 | D:6      | Reached skill level 5 in Hexes
  9168 | D:7      | Found Kagruomma's Antique Armour Emporium.
  9173 | D:7      | Bought a slimy robe for 142 gold pieces
  9173 | D:7      | Identified the +1 robe of the Elven Halls {Stlth+} (You
                  | bought it in a shop on level 7 of the Dungeon)
  9247 | D:7      | Noticed a hornet
  9251 | D:7      | Paralysed by a hornet for 2 turns
  9260 | D:7      | Killed a hornet
  9261 | D:7      | Reached skill level 1 in Shields
  9388 | D:7      | Learned a level 3 spell: Tukima's Dance
  9564 | D:7      | Reached skill level 12 in Stealth
  9564 | D:7      | Reached skill level 5 in Spellcasting
  9583 | D:7      | HP: 2/48 [poisoned by a killer bee]
  9585 | D:7      | Succumbed to a killer bee's poison

Illustrated notes

Levels and vault maps discovered:
D:1:      dpeg_arrival_refuge, layout_basic,
          dreamdust_ecumenical_altar_angels_and_demons
D:2:      layout_loops_corners, basic_altar, hangedman_decor_push,
          grunt_decor_one_mirror, serial_park_tiny_pond
D:3:      layout_basic, serial_shops, shop
D:4:      layout_basic, nicolae_qazlal_style_of_elements,
          minmay_temple_entry_statues_pillars, serial_shops, shop_coins
D:5:      layout_cave_pools
D:6:      layout_loops_ring, uniq_grinder
D:7:      layout_basic, kennysheep_little_box, minmay_misc_feat_square,
          grunt_ministairs_6, nicolae_stop_n_shop_1
Temple:   eino_temple_scatter_basement

Skill      XL: |  1  2  3  4  5  6  7  8  9 |
---------------+----------------------------+-----
Stealth        | 5 6 7 9 11 12 | 12.3
Short Blades   | 2 3 |  3.5
Ice Magic      | 1 2 |  2.5
Fighting       | 1 2 |  2.1
Spellcasting   | 3 4 5 |  5.0
Hexes          | 4 5 |  5.2
Dodging        | 3 |  3.7
Shields        | 1 |  1.1

Action                   |  1- 3 |  4- 6 |  7- 9 || total
-------------------------+-------+-------+-------++-------
Melee: Dagger            |    67 |   173 |    90 ||   330
 Cast: Ensorcelled Hiber |     8 |    49 |    13 ||    70
       Corona            |     1 |     3 |       ||     4
       Confusing Touch   |       |     1 |    15 ||    16
  Use: Scroll            |       |    10 |     2 ||    12
       Potion            |       |     1 |     6 ||     7
 Stab: Sleeping          |    19 |    56 |    25 ||   100
       Confused          |       |     1 |    12 ||    13
Armor: Robe              |     5 |    21 |    13 ||    39
Dodge: Dodged            |    41 |    86 |    93 ||   220
Block: Other             |    17 |    39 |    32 ||    88
       Reflection        |       |       |     1 ||     1
